 Dungeon Crawl Stone Soup version 0.19.0-19-g8c6edcc (webtiles) character file.

1251 Charly the Cleaver (level 8, -2/71 HPs)
             Began as a Minotaur Berserker on Nov 15, 2016.
             Was a Believer of Trog.
             Slain by a sky beast (6 damage)
             ... on level 7 of the Dungeon.
             The game lasted 00:08:16 (1164 turns).

Charly the Cleaver (Minotaur Berserker)             Turns: 1164, Time: 00:08:17

Health: -2/71      AC: 10    Str: 23    XL:     8   Next: 26%
Magic:  16/16      EV:  9    Int:  4    God:    Trog [**....]
Gold:   133        SH:  0    Dex: 11    Spells: 0 memorised, 7 levels left

rFire  . . .     SeeInvis +     a - +0 hand axe
rCold  . . .     Gourm    .     n - +0 chain mail
rNeg   . . .     Faith    .     (no shield)
rPois  .         Spirit   .     (helmet restricted)
rElec  .         Reflect  .     p - +0 cloak
rCorr  .         Harm     .     (no gloves)
MR     ++...                    (no boots)
Stlth  ..........               (no amulet)
                                q - ring of see invisible
                                o - ring of magical power

@: starving, regenerating
A: retaliatory headbutt, horns 2
a: Berserk, Trog's Hand, Burn Spellbooks, Renounce Religion


You were on level 7 of the Dungeon.
You worshipped Trog.
Trog was pleased with you.
You were starving.

You visited 1 branch of the dungeon, and saw 7 of its levels.

You collected 133 gold pieces.

Inventory:

Hand Weapons
 a - a +0 hand axe (weapon)
Armour
 n - a +0 chain mail (worn)
 p - a +0 cloak (worn)
Jewellery
 o - a ring of magical power (left hand)
 q - a ring of see invisible (right hand)
Scrolls
 b - a scroll of random uselessness {unknown}
 d - 2 scrolls of remove curse
 e - 2 scrolls of teleportation {unknown}
 h - a scroll of blinking {unknown}
 j - a scroll of fear {unknown}
 l - a scroll of identify
Potions
 f - 2 potions of curing
 g - a potion of magic
 i - a potion of ambrosia {unknown}
 m - a potion of brilliance {unknown}
Comestibles
 c - 2 bread rations


   Skills:
 + Level 6.4 Fighting
 * Level 10.5 Axes
 + Level 4.3 Armour
 - Level 2.1 Dodging


You had 7 spell levels left.
You didn't know any spells.

Dungeon Overview and Level Annotations

Branches:
Dungeon (7/15)             Temple (0/1) D:4

Altars:


Innate Abilities, Weirdness & Mutations

You reflexively headbutt those who attack you in melee.
You have a pair of horns on your head.


Message History

The centaur is severely wounded.
You hit the sky beast.
The centaur hits you but does no damage.
The sky beast hits you but does no damage.
Unknown command.
Unknown command.
You hit the centaur but do no damage. You headbutt the centaur.
The centaur is almost dead.
You closely miss the sky beast. The centaur barely misses you.
The sky beast closely misses you.
The centaur hits you but does no damage.
Unknown command.
Unknown command.
You closely miss the centaur. You headbutt the centaur.
You kill the centaur!
Trog accepts your kill.
You slash the sky beast! The sky beast hits you.
* * * LOW HITPOINT WARNING * * *
The sky beast shocks you.
You die...

.#.....# .# .# #.# .# .#
#.# #.## .####'#####..#
#..........#.#
#.........(#.#######
#..................#
#..................#
#...............@..#
#####.##..(....Y.).#+
##########..((≈........
...# ##(.............
...####.#...............
...#..'.###.............
...#.##.# ######+##.....
## .....# # ..... #.
...### +# #.


You could see a sky beast.

Vanquished Creatures
  A hippogriff (D:7)
  Sigmund (D:6)
  A hungry ghost (D:7)
  A necrophage (D:6)
  An ogre (D:7)
  2 centaurs (D:7)
  A bullfrog (D:7)
  A water moccasin zombie (D:7)
  The ghost of Charly the Chopper, a weakling MiBe of Trog (D:4)
  An orc priest (D:6)
  3 jellies (D:6)
  3 orc wizards
  An adder (D:7)
  A howler monkey skeleton (D:6)
  A shadow imp (D:6)
  An adder zombie (D:6)
  A dart slug (D:1)
  11 orcs
  5 giant cockroaches
  4 goblins (D:1)
  A hobgoblin (D:3)
  2 quokkas (D:7)
  A ball python skeleton (D:4)
  A frilled lizard (D:5)
  A jackal skeleton (D:5)
  4 kobolds (D:1)
  2 rats (D:1)
54 creatures vanquished.

Notes
Turn   | Place    | Note
-------+----------+-------------------------------------------
     0 | D:1      | Charly the Minotaur Berserker began the quest for the Orb.
     0 | D:1      | Reached XP level 1. HP: 19/19 MP: 0/0
    60 | D:1      | Reached skill level 4 in Axes
    87 | D:1      | Reached XP level 2. HP: 19/26 MP: 1/1
   288 | D:4      | Noticed Charly's ghost (weakling MiBe)
   295 | D:4      | Killed Charly's ghost
   295 | D:4      | Reached skill level 5 in Axes
   295 | D:4      | Reached XP level 3. HP: 31/31 MP: 2/2
   296 | D:4      | Found a staircase to the Ecumenical Temple.
   351 | D:5      | Entered Level 5 of the Dungeon
   400 | D:5      | Reached skill level 6 in Axes
   400 | D:5      | Reached XP level 4. HP: 39/39 MP: 3/3
   403 | D:5      | Noticed an ogre
   403 | D:5      | Reached ** piety under Trog
   435 | D:6      | Noticed a necrophage
   447 | D:6      | Killed a necrophage
   447 | D:6      | Reached skill level 7 in Axes
   447 | D:6      | Reached XP level 5. HP: 45/45 MP: 4/4
   562 | D:6      | Noticed Sigmund
   570 | D:6      | Killed Sigmund
   570 | D:6      | Reached skill level 8 in Axes
   570 | D:6      | Reached XP level 6. HP: 53/53 MP: 5/5
   792 | D:7      | Noticed a hippogriff
   799 | D:7      | Killed a hippogriff
   799 | D:7      | Reached skill level 5 in Fighting
   799 | D:7      | Reached skill level 9 in Axes
   799 | D:7      | Reached XP level 7. HP: 61/61 MP: 6/6
  1001 | D:7      | Reached skill level 10 in Axes
  1055 | D:7      | Reached XP level 8. HP: 17/70 MP: 7/7
  1159 | D:7      | HP: 3/71 [sky beast (6)]
  1164 | D:7      | Slain by a sky beast

Skill      XL: |  1  2  3  4  5  6  7  8 |
---------------+-------------------------+-----
Axes           | 4 5 6 7 8 9 10 | 10.5
Fighting       | 4 5 6 |  6.4
Armour         | 3 4 |  4.3
Dodging        | |  2.1

Action                   |  1- 3 |  4- 6 |  7- 9 || total
-------------------------+-------+-------+-------++-------
Melee: Hand axe          |    42 |    42 |    70 ||   154
       Headbutt          |     7 |     8 |    12 ||    27
Invok: Berserk           |     3 |     5 |     3 ||    11
       Trog's Hand       |       |       |     2 ||     2
  Use: Scroll            |       |       |     2 ||     2
       Potion            |       |       |     1 ||     1
 Stab: Sleeping          |     1 |       |       ||     1
  Eat: Beef jerky        |       |     1 |       ||     1
       Bread ration      |       |     1 |       ||     1
       Chunk             |       |       |     9 ||     9
Armor: Animal skin       |     2 |     1 |       ||     3
       Chain mail        |       |     5 |    40 ||    45
Dodge: Dodged            |    16 |    14 |    27 ||    57
